AoeStats
← White

Arena

509932395Analyzed
4v4 RM · 4d ago on Sep 28, 2026· 53m 40s· 8 players
Game mode
Random Map
Map size
Large (8 player)
Population
200
Speed
Normal
Resources
Standard
Victory
Conquest
Starting age
Dark Age
Ending age
Imperial Age
RankedLock teamsTeams togetherTeam positionsShared explorationLock speedFull tech treeHidden civsTurbo modeCheats
Victory
Defeat
🇫🇷 Malay · France
1131
+14
🇨🇳 Poles · China
1129
+14
🇨🇳 Inca · China
1078
+16
🇸🇪 Wei · Sweden
1053
+18
🇦🇷 Gurjaras · Argentina
1116
-17
🇦🇷 Persians · Argentina
1096
-16
🇳🇱 Italians · Netherlands
1080
-15
🇦🇷 Huns · Argentina
1060
-14
Cast
10:18 Feudal Age
12:04 Loom
14:25 Castle Age
12:40 Double-Bit Axe
14:34 Horse Collar
19:04 Bow Saw
19:17 Fletching
23:01 Wheelbarrow
27:09 Imperial Age
26:06 Bodkin Arrow
28:54 Chemistry
28:33 Bracer
29:24 Padded Archer Armor
30:44 Ballistics
35:06 Conscription
36:42 Leather Archer Armor
36:43 Hand Cart
36:14 Town Watch
39:38 Ring Archer Armor
40:07 Thumb Ring
44:21 Elite Genoese Crossbowman
45:23 Gold Mining
45:23 Stone Mining
Duck Rattlehead
4:50 Loom
11:07 Feudal Age
14:46 Castle Age
12:37 Horse Collar
13:24 Double-Bit Axe
16:34 Bow Saw
20:37 Heavy Plow
29:46 Imperial Age
28:54 Wheelbarrow
28:06 Town Watch
29:33 Bloodlines
29:24 Husbandry
29:36 Gold Mining
29:37 Stone Mining
30:03 Cavalier
31:12 Scale Barding Armor
31:48 Forging
33:25 Conscription
33:31 Murder Holes
33:29 Fletching
33:59 Kamandaran
34:08 Crossbowman
34:53 Thumb Ring
35:12 Thumb Ring
35:55 Bodkin Arrow
36:01 Padded Archer Armor
36:29 Ballistics
36:53 Heavy Camel Rider
38:31 Chain Barding Armor
40:04 Iron Casting
43:28 Light Cavalry
44:57 Plate Barding Armor
45:31 Blast Furnace
45:56 Hussar
[Tps] Atila
10:23 Feudal Age
15:54 Castle Age
24:42 Horse Collar
26:23 Wheelbarrow
25:51 Heavy Plow
26:02 Double-Bit Axe
26:14 Gold Mining
26:15 Stone Mining
30:39 Imperial Age
28:32 Marauders
29:08 Bow Saw
29:11 Forging
29:07 Scale Barding Armor
31:02 Iron Casting
30:41 Elite Tarkan
31:43 Conscription
32:15 Chain Barding Armor
33:05 Blast Furnace
32:58 Husbandry
33:08 Bloodlines
34:49 Plate Barding Armor
BP MonoSimon
10:44 Feudal Age
12:29 Double-Bit Axe
13:11 Loom
16:00 Castle Age
13:51 Horse Collar
32:59 Imperial Age
31:32 Ballistics
31:56 Thumb Ring
32:24 Fletching
32:36 Padded Archer Armor
36:56 Chemistry
36:45 Bodkin Arrow
37:06 Leather Archer Armor
39:29 Bracer
40:00 Conscription
39:48 Kshatriyas
41:27 Husbandry
41:37 Bloodlines
40:50 Heavy Camel Rider
42:16 Frontier Guards
44:41 Elite Skirmisher
46:39 Scale Barding Armor
46:45 Forging
Kim jong-un
10:05 Feudal Age
14:54 Castle Age
13:12 Double-Bit Axe
13:33 Horse Collar
14:54 Bow Saw
20:00 Heavy Plow
19:46 Man-at-Arms
20:28 Squires
20:27 Gold Mining
21:14 Long Swordsman
23:19 Gold Shaft Mining
22:35 Stone Mining
22:41 Stone Mining
22:18 Light Cavalry
24:10 Wheelbarrow
23:21 Town Watch
23:43 Husbandry
24:47 Loom
29:03 Imperial Age
26:57 Hand Cart
26:23 Long Swordsman
27:23 Forging
27:56 Stone Shaft Mining
27:59 Two-Handed Swordsman
30:08 Crop Rotation
29:44 Town Patrol
30:32 Iron Casting
29:59 Arson
31:29 Chemistry
30:35 Siege Engineers
31:09 Conscription
31:36 Forced Levy
31:04 Pikeman
32:15 Halberdier
36:41 Blast Furnace
44:18 Heavy Scorpion
51:59 Elite Battle Elephant
53:01 Treadmill Crane
53:39 Scale Barding Armor
精锐数字
10:36 Feudal Age
14:35 Castle Age
12:37 Double-Bit Axe
13:41 Horse Collar
21:45 Wheelbarrow
21:58 Heavy Plow
22:15 Bow Saw
23:03 Gold Mining
23:03 Stone Mining
29:23 Imperial Age
27:37 Scale Barding Armor
27:42 Forging
28:31 Szlachta Privileges
28:47 Chain Barding Armor
29:12 Bloodlines
29:02 Husbandry
30:08 Iron Casting
30:10 Hand Cart
29:41 Loom
30:37 Crop Rotation
29:36 Cavalier
30:47 Conscription
33:34 Blast Furnace
35:36 Masonry
35:07 Treadmill Crane
35:46 Fortified Wall
38:18 Hoardings
50:21 Fletching
50:32 Padded Archer Armor
52:18 Bodkin Arrow
52:39 Leather Archer Armor
51:51 Crossbowman
52:36 Thumb Ring
White
10:35 Feudal Age
10:34 Loom
14:02 Horse Collar
16:50 Castle Age
15:14 Double-Bit Axe
15:23 Stone Mining
20:58 Wheelbarrow
21:07 Gold Mining
24:05 Bow Saw
24:59 Hand Cart
25:37 Fortified Wall
26:25 Heavy Plow
27:00 Town Watch
30:41 Imperial Age
30:01 Forging
29:57 Scale Barding Armor
31:01 Husbandry
34:19 Bloodlines
33:32 Light Cavalry
39:18 Heavy Hei Guang Cavalry
40:41 Thumb Ring
40:14 Elite Skirmisher
42:06 Padded Archer Armor
42:09 Scale Mail Armor
42:14 Fletching
49:44 Chain Barding Armor
好邻居
2:24 Loom
10:39 Feudal Age
14:48 Castle Age
13:58 Stone Mining
14:49 Double-Bit Axe
14:47 Horse Collar
19:47 Wheelbarrow
19:43 Heavy Plow
19:54 Bow Saw
20:00 Gold Mining
24:39 Gold Shaft Mining
25:44 Forging
25:35 Scale Mail Armor
28:47 Hand Cart
36:20 Imperial Age
33:56 Town Watch
34:52 Iron Casting
34:43 Chain Mail Armor
33:51 Champi Runner
35:06 Squires
35:13 Champi Warrior
35:40 Arson
38:21 Conscription
38:24 Fabric Shields
38:25 Elite Champi Warrior
40:15 Plate Mail Armor
45:56 Pikeman
46:26 Halberdier
Connection lost

Rejoining the realm…

Still unreachable

The connection could not be restored.

Session expired

The server has moved on; the page needs a fresh start.